TOP OF THE 1ST |
---|
Baffin Island Beavers batting - Pitching for Orlando Calrissian : LHP Mike Murray | Pitching: LHP Mike Murray | | Batting: RHB Tomás Díaz | 0-0: Foul Ball, location: 2F 0-1: Swinging Strike 0-2: Ball 1-2: Ball 2-2: Ball 3-2: SINGLE (Groundball, 56D) | Batting: LHB Norberto Muńóz | 0-0: Ball 1-0: Ball 2-0: Fielders Choice at 2nd, 5-4 (Groundball, 56) | Batting: RHB Dave Craig | 0-0: Called Strike 0-1: Foul Ball, location: 2F 0-2: Ball 1-2: Fly out, F9 (Flyball, 9) | Batting: RHB Tony Morton | 0-0: Fly out, F3 (Popup, 23) | Top of the 1st over - 0 runs, 1 hit, 0 errors, 1 left on base; Baffin Island 0 - Orlando 0 | BOTTOM OF THE 1ST |
---|
Orlando Calrissian batting - Pitching for Baffin Island Beavers : LHP Braydon Schute | Pitching: LHP Braydon Schute | | Batting: RHB Jesús Gonzáles | 0-0: Ball 1-0: Called Strike 1-1: Ball 2-1: Ball 3-1: Swinging Strike 3-2: Strikes out swinging | Batting: LHB Danny Allen | 0-0: Ball 1-0: Called Strike 1-1: Foul Ball, location: 2F 1-2: Strikes out looking | Batting: RHB Rich Anderson | 0-0: Ball 1-0: Ball 2-0: Swinging Strike 2-1: Foul Ball, location: 2F 2-2: Foul Ball, location: 2F 2-2: Fly out, F9 (Flyball, 89D) | Bottom of the 1st over - 0 runs, 0 hits, 0 errors, 0 left on base; Baffin Island 0 - Orlando 0 | TOP OF THE 2ND |
---|
Baffin Island Beavers batting - Pitching for Orlando Calrissian : LHP Mike Murray | Batting: RHB Alberto Hernández | 0-0: Fly out, F7 (Flyball, 7D) | Batting: RHB Pedro Molina | 0-0: Called Strike 0-1: Foul Ball, location: 2F 0-2: Foul Ball, location: 2F 0-2: SINGLE (Groundball, 6D) | Batting: RHB Jonathan MacVey | 0-0: Grounds into double play, 5-4-3 (Groundball, 5L) | Top of the 2nd over - 0 runs, 1 hit, 0 errors, 0 left on base; Baffin Island 0 - Orlando 0 | BOTTOM OF THE 2ND |
---|
Orlando Calrissian batting - Pitching for Baffin Island Beavers : LHP Braydon Schute | Batting: RHB Raúl Canó | 0-0: Ground out 6-3 (Groundball, 6M) | Batting: SHB Tim Abbott | 0-0: Ball 1-0: Swinging Strike 1-1: Ball 2-1: Foul Ball, location: 2F 2-2: Ball 3-2: Fly out, F9 (Flyball, 9LS) | Batting: LHB Juan Colón | 0-0: Ball 1-0: Called Strike 1-1: Swinging Strike 1-2: Strikes out swinging | Bottom of the 2nd over - 0 runs, 0 hits, 0 errors, 0 left on base; Baffin Island 0 - Orlando 0 | TOP OF THE 3RD |
---|
Baffin Island Beavers batting - Pitching for Orlando Calrissian : LHP Mike Murray | Batting: LHB César Valentín | 0-0: Ball 1-0: Ball 2-0: Ball 3-0: Base on Balls | Batting: LHB Howard Evans | 0-0: SINGLE (Groundball, 4MD) César Valentín to second Runner from 2nd tries for 3rd, SAFE, no throw | Batting: RHB Tomás Díaz | 0-0: Called Strike 0-1: Ball 1-1: Ball 2-1: Foul Ball, location: 2F 2-2: Grounds into double play, 6-4-3 (Groundball, 6) César Valentín scores | Batting: LHB Norberto Muńóz | 0-0: Fly out, F3 (Line Drive, 34) | Top of the 3rd over - 1 run, 1 hit, 0 errors, 0 left on base; Baffin Island 1 - Orlando 0 | BOTTOM OF THE 3RD |
---|
Orlando Calrissian batting - Pitching for Baffin Island Beavers : LHP Braydon Schute | Batting: RHB Júlio Negrón | 0-0: Ball 1-0: Foul Ball, location: 2F 1-1: Swinging Strike 1-2: Ball 2-2: Foul Ball, location: 2F 2-2: Ball 3-2: Base on Balls | Batting: LHB Craig Kenney | 0-0: Swinging Strike 0-1: Ball 1-1: Ball 2-1: Fly out, F8 (Flyball, 8RD) | Batting: RHB Keith Sims | 0-0: Called Strike 0-1: Foul Ball, location: 2F 0-2: Foul Ball, location: 2F 0-2: Ball Júlio Negrón is caught stealing 2nd base 1-2: Ball 2-2: Strikes out swinging | Bottom of the 3rd over - 0 runs, 0 hits, 0 errors, 0 left on base; Baffin Island 1 - Orlando 0 | TOP OF THE 4TH |
---|
Baffin Island Beavers batting - Pitching for Orlando Calrissian : LHP Mike Murray | Batting: RHB Dave Craig | 0-0: Foul Ball, location: 2F 0-1: Swinging Strike 0-2: Foul Ball, location: 2F 0-2: Ground out 5-3 (Groundball, 56S) | Batting: RHB Tony Morton | 0-0: Foul Ball, location: 2F 0-1: Foul Ball, location: 2F 0-2: Strikes out looking | Batting: RHB Alberto Hernández | 0-0: Swinging Strike 0-1: Called Strike 0-2: Ball 1-2: Ball 2-2: Ball 3-2: Foul Ball, location: 2F 3-2: Foul Ball, location: 2F 3-2: SINGLE (Groundball, 56D) | Batting: RHB Pedro Molina | 0-0: Ground out 1-3 (Groundball, P) | Top of the 4th over - 0 runs, 1 hit, 0 errors, 1 left on base; Baffin Island 1 - Orlando 0 | BOTTOM OF THE 4TH |
---|
Orlando Calrissian batting - Pitching for Baffin Island Beavers : LHP Braydon Schute | Batting: RHB Jesús Gonzáles | 0-0: Called Strike 0-1: Ball 1-1: Reached on error, E1 (Groundball, 15S) | Batting: LHB Danny Allen | 0-0: SINGLE (Groundball, 4MD) Jesús Gonzáles to third | Batting: RHB Rich Anderson | 0-0: Called Strike 0-1: Ball 1-1: Foul Ball, location: 2F 1-2: Ball 2-2: Ball 3-2: Fly out, F7 (Line Drive, 78D) Runner from 3rd tags up, OUT at HOME Danny Allen to second | Batting: RHB Raúl Canó | 0-0: Foul Ball, location: 2F 0-1: Swinging Strike 0-2: Foul Ball, location: 2F 0-2: Fly out, F3 (Popup, 3S) | Bottom of the 4th over - 0 runs, 1 hit, 1 error, 1 left on base; Baffin Island 1 - Orlando 0 | TOP OF THE 5TH |
---|
Baffin Island Beavers batting - Pitching for Orlando Calrissian : LHP Mike Murray | Batting: RHB Jonathan MacVey | 0-0: Ball 1-0: Called Strike 1-1: Swinging Strike 1-2: Foul Ball, location: 2F 1-2: Strikes out looking | Batting: LHB César Valentín | 0-0: Foul Ball, location: 2F 0-1: Ball 1-1: Foul Ball, location: 2F 1-2: Ball 2-2: Foul Ball, location: 2F 2-2: Foul Ball, location: 2F 2-2: Foul Ball, location: 2F 2-2: Fly out, F8 (Flyball, 8LD) | Batting: LHB Howard Evans | 0-0: Ball 1-0: Ball 2-0: Foul Ball, location: 2F 2-1: SINGLE (Flyball, 89M) | Batting: RHB Tomás Díaz | 0-0: Ball 1-0: Ball 2-0: Called Strike 2-1: Foul Ball, location: 2F 2-2: Fly out, F7 (Line Drive, 7) | Top of the 5th over - 0 runs, 1 hit, 0 errors, 1 left on base; Baffin Island 1 - Orlando 0 | BOTTOM OF THE 5TH |
---|
Orlando Calrissian batting - Pitching for Baffin Island Beavers : LHP Braydon Schute | Batting: SHB Tim Abbott | 0-0: Ball 1-0: Swinging Strike 1-1: Foul Ball, location: 2F 1-2: Ball 2-2: Ball 3-2: TRIPLE (Flyball, 78XD) | Batting: LHB Juan Colón | 0-0: Swinging Strike 0-1: Swinging Strike 0-2: Ball 1-2: Strikes out looking | Batting: RHB Júlio Negrón | 0-0: Called Strike 0-1: SINGLE (Line Drive, 89S) Tim Abbott scores | Batting: LHB Craig Kenney | 0-0: Swinging Strike 0-1: Called Strike Pickoff Throw by Catcher to First - Out! 0-2: Ground out 6-3 (Groundball, 6) | Bottom of the 5th over - 1 run, 2 hits, 0 errors, 0 left on base; Baffin Island 1 - Orlando 1 | TOP OF THE 6TH |
---|
Baffin Island Beavers batting - Pitching for Orlando Calrissian : LHP Mike Murray | Batting: LHB Norberto Muńóz | 0-0: Foul Ball, location: 2F 0-1: Ground out 1-3 (Groundball, P) | Batting: RHB Dave Craig | 0-0: Swinging Strike 0-1: Swinging Strike 0-2: Strikes out swinging | Batting: RHB Tony Morton | 0-0: Ball 1-0: Foul Ball, location: 2F 1-1: Ground out 4-3 (Groundball, 4) | Top of the 6th over - 0 runs, 0 hits, 0 errors, 0 left on base; Baffin Island 1 - Orlando 1 | BOTTOM OF THE 6TH |
---|
Orlando Calrissian batting - Pitching for Baffin Island Beavers : LHP Braydon Schute | Batting: RHB Keith Sims | 0-0: Called Strike 0-1: Ball 1-1: Ball 2-1: Foul Ball, location: 2F 2-2: Ball 3-2: Strikes out swinging | Batting: RHB Jesús Gonzáles | 0-0: Ball 1-0: Ball 2-0: Ball 3-0: Base on Balls | Pitching: RHP Colm Stewart | | Batting: LHB Danny Allen | 0-0: Ball Jesús Gonzáles is caught stealing 2nd base 1-0: Called Strike 1-1: Ball 2-1: Swinging Strike 2-2: Foul Ball, location: 2F 2-2: Ball 3-2: Foul Ball, location: 2F 3-2: SOLO HOME RUN (Flyball, 9LD), Distance : 343 ft | Batting: RHB Rich Anderson | 0-0: Ball 1-0: Fly out, F8 (Line Drive, 8LM) | Bottom of the 6th over - 1 run, 1 hit, 0 errors, 0 left on base; Baffin Island 1 - Orlando 2 | TOP OF THE 7TH |
---|
Baffin Island Beavers batting - Pitching for Orlando Calrissian : LHP Mike Murray | Batting: RHB Alberto Hernández | 0-0: Called Strike 0-1: Ball 1-1: Swinging Strike 1-2: Ground out U3 (Groundball, 34) | Batting: RHB Pedro Molina | 0-0: Foul Ball, location: 2F 0-1: Ground out 6-3 (Groundball, 56) | Batting: RHB Jonathan MacVey | 0-0: Swinging Strike 0-1: Foul Ball, location: 2F 0-2: Ball 1-2: Ball 2-2: SOLO HOME RUN (Flyball, 7LD), Distance : 343 ft | Batting: LHB César Valentín | 0-0: Called Strike 0-1: Swinging Strike 0-2: Foul Ball, location: 2F 0-2: Strikes out looking | Top of the 7th over - 1 run, 1 hit, 0 errors, 0 left on base; Baffin Island 2 - Orlando 2 | BOTTOM OF THE 7TH |
---|
Orlando Calrissian batting - Pitching for Baffin Island Beavers : RHP Colm Stewart | Batting: RHB Raúl Canó | 0-0: Ball 1-0: Swinging Strike 1-1: Ball 2-1: Fly out, F7 (Flyball, 78S) | Batting: SHB Tim Abbott | 0-0: Ball 1-0: Ball 2-0: Called Strike 2-1: Fly out, F5 (Popup, 56S) | Pitching: LHP Roberto Barrón | | Batting: LHB Juan Colón | 0-0: Ball 1-0: Swinging Strike 1-1: Ground out 3-1 (Groundball, 34S) | Bottom of the 7th over - 0 runs, 0 hits, 0 errors, 0 left on base; Baffin Island 2 - Orlando 2 | TOP OF THE 8TH |
---|
Baffin Island Beavers batting - Pitching for Orlando Calrissian : LHP Mike Murray | Pitching: RHP Vaughn Stanley | | Batting: LHB Howard Evans | 0-0: Ball 1-0: Swinging Strike 1-1: Reached on error, E8 (Flyball, 78D) | Batting: RHB Tomás Díaz | 0-0: Ball 1-0: Foul Ball, location: 2F 1-1: Foul Ball, location: 2F 1-2: Ball 2-2: Strikes out looking | Batting: LHB Norberto Muńóz | 0-0: Ball 1-0: Ball 2-0: Ball 3-0: Base on Balls Howard Evans to second | Pinch Runner at 2nd Alden Isenhood: | | Batting: RHB Dave Craig | 0-0: Called Strike 0-1: SINGLE (Flyball, 9LM) Alden Isenhood to third Norberto Muńóz to second Runner from 3rd tries for Home, SAFE, throw made home | Batting: RHB Tony Morton | 0-0: Called Strike Norberto Muńóz steals 3rd base Dave Craig to second 0-1: Foul Ball, location: 2F 0-2: Ball 1-2: Foul Ball, location: 2F 1-2: Ball 2-2: DOUBLE (Groundball, 5L) Norberto Muńóz scores Dave Craig scores | Pitching: RHP Aaron Abrams | | Batting: RHB Alberto Hernández | 0-0: 2-RUN HOME RUN (Flyball, 7D), Distance : 389 ft | Batting: RHB Pedro Molina | 0-0: Ball 1-0: Ball 2-0: Ball 3-0: Called Strike 3-1: Fly out, F7 (Line Drive, 78S) | Batting: RHB Jonathan MacVey | 0-0: Ball 1-0: Called Strike 1-1: SINGLE (Flyball, 9S) | Batting: LHB César Valentín | 0-0: Ball 1-0: Ball 2-0: Ball 3-0: Called Strike 3-1: Foul Ball, location: 2F 3-2: Base on Balls Jonathan MacVey to second | Batting: RHB Alden Isenhood | 0-0: Called Strike 0-1: Ball 1-1: Foul Ball, location: 2F 1-2: Ball 2-2: Ball 3-2: Base on Balls Jonathan MacVey to third César Valentín to second | Batting: RHB Tomás Díaz | 0-0: Ball 1-0: Called Strike 1-1: Ball 2-1: Fly out, F7 (Line Drive, 7) | Top of the 8th over - 5 runs, 4 hits, 1 error, 3 left on base; Baffin Island 7 - Orlando 2 | BOTTOM OF THE 8TH |
---|
Orlando Calrissian batting - Pitching for Baffin Island Beavers : LHP Roberto Barrón | Pitching: LHP Jaime Guzmán | | Now at 3B: Alden Isenhood | | Batting: RHB Júlio Negrón | 0-0: Fly out, F9 (Flyball, 9) | Batting: LHB Craig Kenney | 0-0: Swinging Strike 0-1: Ball 1-1: Called Strike 1-2: Ball 2-2: Foul Ball, location: 2F 2-2: Foul Ball, location: 2F 2-2: DOUBLE (Line Drive, 8LXD) | Batting: RHB Keith Sims | 0-0: Ball 1-0: Swinging Strike 1-1: Ground out 4-3 (Groundball, 4S) Craig Kenney to third | Batting: RHB Jesús Gonzáles | 0-0: Ball 1-0: Foul Ball, location: 2F 1-1: Ball 2-1: Ball 3-1: Base on Balls | Batting: LHB Danny Allen | 0-0: Called Strike 0-1: Foul Ball, location: 2F 0-2: Foul Ball, location: 2F 0-2: Ball 1-2: DOUBLE (Line Drive, 9LD) Craig Kenney scores Jesús Gonzáles to third Runner from 3rd tries for Home, SAFE, no throw | Pitching: RHP Tony Rocha | | Batting: RHB Rich Anderson | 0-0: Called Strike 0-1: Ball 1-1: Ball 2-1: Foul Ball, location: 2F 2-2: Fly out, F8 (Line Drive, 89D) | Bottom of the 8th over - 2 runs, 2 hits, 0 errors, 1 left on base; Baffin Island 7 - Orlando 4 | TOP OF THE 9TH |
---|
Baffin Island Beavers batting - Pitching for Orlando Calrissian : RHP Aaron Abrams | Pitching: RHP Will Huggins | | Batting: LHB Norberto Muńóz | 0-0: SINGLE (Groundball, 6MD) | Batting: RHB Dave Craig | 0-0: Called Strike 0-1: Foul Ball, location: 2F 0-2: Ball 1-2: Foul Ball, location: 2F 1-2: Strikes out swinging | Batting: RHB Tony Morton | 0-0: Fly out, F9 (Flyball, 9S) | Batting: RHB Alberto Hernández | 0-0: Ball 1-0: Hit by Pitch Norberto Muńóz to second | Batting: RHB Pedro Molina | 0-0: SINGLE (Groundball, 56D) Norberto Muńóz to third Alberto Hernández to second Runner from 3rd tries for Home, SAFE, throw made home | Batting: RHB Jonathan MacVey | 0-0: Called Strike 0-1: Swinging Strike 0-2: Ball 1-2: Strikes out looking | Top of the 9th over - 1 run, 2 hits, 0 errors, 2 left on base; Baffin Island 8 - Orlando 4 | BOTTOM OF THE 9TH |
---|
Orlando Calrissian batting - Pitching for Baffin Island Beavers : RHP Tony Rocha | Batting: RHB Raúl Canó | 0-0: Swinging Strike 0-1: Ball 1-1: Ball 2-1: Swinging Strike 2-2: Foul Ball, location: 2F 2-2: Strikes out swinging | Batting: SHB Tim Abbott | 0-0: Ball 1-0: Ball 2-0: Ball 3-0: Called Strike 3-1: Base on Balls | Batting: LHB Juan Colón | 0-0: Ball 1-0: Ball 2-0: Called Strike 2-1: Foul Ball, location: 2F 2-2: Ball 3-2: Strikes out swinging | Batting: RHB Júlio Negrón | 0-0: Ball 1-0: Fly out, F5 (Popup, 56) | Bottom of the 9th over - 0 runs, 0 hits, 0 errors, 1 left on base; Baffin Island 8 - Orlando 4 | |